Sewer Rats vs Atomiques
Created - 24 mars 2014 at 19:03
Goals
|
| Sewer Rats |
1 |
4 |
1 |
0 |
5 |
7 |
| Atomiques |
2 |
3 |
1 |
0 |
4 |
6 |
|
Shots
|
| Sewer Rats |
10 |
18 |
6 |
1 |
9 |
35 |
| Atomiques |
16 |
13 |
11 |
1 |
9 |
41 |
|
1st period
1. Sewer Rats , Vojtech Polak 15 (Mark Mancari, Matt Lashoff) at 9:51
2. Atomiques , Mattias Ohlund 6 (Janne Niinimaa, Ryan Shannon) at 10:55
3. Atomiques , Ryan Shannon 23 (Linus Omark, Luke Schenn) at 13:38 (SH)
Penalties :
Dustin Byfuglien (Tol) for Interference (Minor) at 4:21, Brett Sutter (STB) for Holding (Minor) at 12:38
2nd period
4. Sewer Rats , Dustin Byfuglien 51 (Kyle Turris) at 0:12
5. Atomiques , Linus Omark 45 (Alexandre Daigle, Luke Schenn) at 0:45
6. Sewer Rats , Dustin Byfuglien 52 (Max Pacioretty, John-Michael Liles) at 4:31
7. Atomiques , Linus Omark 46 (Alexandre Daigle, Luke Schenn) at 7:49
8. Sewer Rats , Ville Leino 33 (Kyle Okposo, Brandon Sutter) at 13:21
9. Sewer Rats , Kyle Quincey 1 (Mark Mancari, Lars Eller) at 15:52
10. Atomiques , Kenndal McArdle 8 (Janne Niinimaa, Brett Sutter) at 17:04
Penalties :
Vojtech Polak (Tol) for Tripping (Minor) at 8:21, Max Pacioretty (Tol) for Roughing (Minor) at 13:31
3rd period
11. Atomiques , Alexandre Daigle 47 (Linus Omark, Tyler Brenner) at 1:51
12. Sewer Rats , Vojtech Polak 16 (Mark Mancari, Lars Eller) at 14:20
Penalties :
Max Pacioretty (Tol) for Roughing (Minor) at 2:00, Luke Schenn (STB) for Boarding (Minor) at 10:47, Lars Eller (Tol) for Tripping (Minor) at 17:13
Overtime #1
No Goal
Penalties :
No Penalty
Shootout
Penalty Shot by Kyle Turris for Sewer Rats - Goal!
Penalty Shot by Brad Winchester for Atomiques - Stopped by Semyon Varlamov
Penalty Shot by Dustin Byfuglien for Sewer Rats - Shot Misses the Net
Penalty Shot by John Zeiler for Atomiques - Goal!
Penalty Shot by Ville Leino for Sewer Rats - Goal!
Penalty Shot by Ryan Shannon for Atomiques - Goal!
Penalty Shot by Max Pacioretty for Sewer Rats - Stopped by Curtis McElhinney
Penalty Shot by Linus Omark for Atomiques - Stopped by Semyon Varlamov
Penalty Shot by Mike Mottau for Sewer Rats - Shot Misses the Net
Penalty Shot by Nick Johnson for Atomiques - Stopped by Semyon Varlamov
Penalty Shot by Kyle Okposo for Sewer Rats - Goal!
Penalty Shot by Mattias Ohlund for Atomiques - Goal!
Penalty Shot by Vojtech Polak for Sewer Rats - Shot Misses the Net
Penalty Shot by Alexandre Daigle for Atomiques - Stopped by Semyon Varlamov
Penalty Shot by Lars Eller for Sewer Rats - Goal!
Penalty Shot by Kenndal McArdle for Atomiques - Goal!
Penalty Shot by Derek Dorsett for Sewer Rats - Goal!
Penalty Shot by Marc-André Cliche for Atomiques - Stopped by Semyon Varlamov
Penalties :
No Penalty
Goalie Stats
Semyon Varlamov (Tol), 35 saves from 41 shots - (0,854), W, 20-20-5, 65:00 minutes
Curtis McElhinney (STB), 29 saves from 35 shots - (0,829), OTL, 3-10-5, 65:00 minutes
Players Stats for Sewer Rats
Player Name G A P +/- PIM S H SB GA TA FO MP PP MP PK MP
------------------------------------------------------------------------------------
Brandon Sutter 0 1 1 1 0 0 2 1 0 1 6/17 17:30 0:00 5:11
Derek Dorsett 0 0 0 -2 0 1 2 0 0 0 0/1 7:03 0:00 0:00
Dustin Byfuglien 2 0 2 -1 2 7 2 2 2 0 1/2 25:52 1:57 3:53
John Erskine 0 0 0 2 0 0 2 1 1 0 0/0 20:47 1:11 4:07
John-Michael Liles 0 1 1 -2 0 3 1 0 0 0 0/0 28:33 2:47 5:48
Kyle Okposo 0 1 1 1 0 0 1 0 0 1 0/2 16:32 2:01 0:00
Kyle Quincey 1 0 1 0 0 1 0 1 0 0 0/0 11:15 0:00 0:00
Kyle Turris 0 1 1 -2 0 5 1 0 0 0 14/34 21:46 1:57 2:12
Lars Eller 0 2 2 2 2 1 0 0 0 0 5/12 11:22 2:01 0:15
Mark Mancari 0 3 3 2 0 3 0 0 0 0 2/4 13:33 0:00 0:00
Matt Lashoff 0 1 1 2 0 0 0 1 1 0 0/0 20:14 1:11 4:07
Max Pacioretty 0 1 1 -1 4 3 1 2 0 3 1/1 22:33 1:57 1:16
Mike Funk 0 0 0 0 0 0 0 0 0 0 0/0 5:43 0:00 0:00
Mike Mottau 0 0 0 -2 0 1 3 2 0 1 0/0 28:33 2:47 5:48
Niko Dimitrakos 0 0 0 -1 0 1 0 0 0 1 2/2 3:49 0:00 0:34
Patrick Bordeleau 0 0 0 -2 0 3 1 0 0 0 0/0 7:03 0:00 0:00
Steven Kampfer 0 0 0 0 0 0 0 0 0 0 0/0 4:25 0:00 0:00
Ville Leino 1 0 1 1 0 2 1 1 0 0 0/1 19:29 2:01 3:46
Vojtech Polak 2 0 2 2 2 3 2 0 0 0 0/0 13:28 0:00 2:43
Zach Bogosian 0 0 0 0 0 1 0 1 0 0 0/0 10:30 0:00 0:00
Players Stats for Atomiques
Player Name G A P +/- PIM S H SB GA TA FO MP PP MP PK MP
------------------------------------------------------------------------------------
Alexandre Daigle 1 2 3 -1 0 6 1 1 0 0 2/3 23:43 5:20 0:00
Andrew Kozek 0 0 0 0 0 1 0 0 0 0 1/1 8:13 0:00 0:17
Brad Winchester 0 0 0 -1 0 4 1 2 0 0 5/6 21:36 4:33 2:45
Brett Sutter 0 1 1 1 2 1 3 0 0 0 3/6 9:56 0:00 0:03
Drew Larman 0 0 0 0 0 1 0 0 0 0 1/4 6:38 0:00 0:00
Janne Niinimaa 0 2 2 0 0 1 3 2 2 0 0/0 26:46 0:00 2:34
John Carlson 0 0 0 1 0 2 2 1 0 0 0/0 22:43 5:30 1:24
John Zeiler 0 0 0 -1 0 4 5 0 0 1 2/2 20:52 4:33 2:31
Kenndal McArdle 1 0 1 1 0 2 2 0 0 1 0/0 10:58 0:02 0:00
Linus Omark 2 2 4 0 0 5 1 0 3 1 0/0 23:36 5:20 1:10
Luke Schenn 0 3 3 1 2 1 0 1 0 1 0/0 21:57 4:25 0:50
Marc-André Cliche 0 0 0 -1 0 0 2 1 0 0 11/17 16:33 4:33 0:00
Mattias Ohlund 1 0 1 0 0 5 5 1 0 0 0/0 32:17 5:30 2:34
Nick Johnson 0 0 0 1 0 1 4 0 0 0 0/0 11:02 0:02 0:00
Roman Polak 0 0 0 -1 0 0 0 0 1 0 0/0 11:05 0:00 0:34
Ryan Shannon 1 1 2 1 0 4 1 1 1 0 2/2 8:07 0:02 1:10
Scott Jackson 0 0 0 -1 0 0 0 0 0 0 0/0 15:31 4:25 0:00
Tyler Brenner 0 1 1 -1 0 3 0 1 0 0 18/35 24:27 5:20 0:00
3 Stars
1 - Linus Omark (STB)
2 - Vojtech Polak (Tol)
3 - Mark Mancari (Tol)
Power Play
Sewer Rats - 0 on 2 Attempt(s) - 0,00%
Atomiques - 0 on 5 Attempt(s) - 0,00%
Penalty Kill
Sewer Rats - 5 on 5 Attempt(s) - 100,00%
- Score 0 goal in Penalty Kill
Atomiques - 2 on 2 Attempt(s) - 100,00%
- Score 1 goal in Penalty Kill
Official
Referees : Sutherland Kelly and Morton Dean
Linesman : Vaughan Rody and Bryan Pancich
Game Notes
Niko Dimitrakos is injured at 19:21 of 1st period (Lower Body)
Steven Kampfer is injured at 12:39 of 2nd period (Strained Right Elbow)
Finance
Level 1 -- Attendance: 1342 (67,10%) -- Ticket Income 46 970 $
Level 2 -- Attendance: 760 (76,00%) -- Ticket Income 11 400 $
Total Attendance: 2102 (70,07%)
Total Ticket Income: 58 370 $
Other Income: 2 918 $
Total Income: 61 288 $
Sewer Rats
5 vs 5 Forward
Center Left Wing Right Wing Time % Phy DF OF
1 Kyle Turris Max Pacioretty Dustin Byfuglien 40 1 2 2
2 Brandon Sutter Ville Leino Kyle Okposo 30 1 2 2
3 Lars Eller Vojtech Polak Mark Mancari 20 1 2 2
4 Niko Dimitrakos Patrick Bordeleau Derek Dorsett 10 1 2 2
5 vs 5 Defense
Defense Defense Time % Phy DF OF
1 Mike Mottau John-Michael Liles 40 1 2 2
2 Matt Lashoff John Erskine 30 1 2 2
3 Kyle Quincey Zach Bogosian 20 1 2 2
4 Mike Funk Steven Kampfer 10 1 2 2
PowerPlay Forward
Center Left Wing Right Wing Time % Phy DF OF
1 Kyle Turris Max Pacioretty Dustin Byfuglien 60 1 2 2
2 Lars Eller Ville Leino Kyle Okposo 40 1 2 2
PowerPlay Defense
Defense Defense Time % Phy DF OF
1 Mike Mottau John-Michael Liles 60 1 2 2
2 Matt Lashoff John Erskine 40 1 2 2
Penalty Kill 4 Players Forward
Center Wing Time % Phy DF OF
1 Brandon Sutter Dustin Byfuglien 60 1 2 2
2 Niko Dimitrakos Ville Leino 40 1 2 2
Penalty Kill 4 Players Defense
Defense Defense Time % Phy DF OF
1 Mike Mottau John-Michael Liles 60 1 2 2
2 Matt Lashoff John Erskine 40 1 2 2
Penalty Kill - 3 Players Forward
Forward Time % Phy DF OF
1 Niko Dimitrakos 60 1 2 2
2 Dustin Byfuglien 40 1 2 2
Penalty Kill - 3 Players Defense
Defense Defense Time % Phy DF OF
1 Mike Mottau John-Michael Liles 60 1 2 2
2 Matt Lashoff John Erskine 40 1 2 2
4 vs 4 Forward
Center Wing Time % Phy DF OF
1 Niko Dimitrakos Dustin Byfuglien 60 1 2 2
2 Ville Leino Max Pacioretty 40 1 2 2
4 vs 4 Defense
Defense Defense Time % Phy DF OF
1 Mike Mottau John-Michael Liles 60 1 2 2
2 Matt Lashoff John Erskine 40 1 2 2
Last Minutes Offensive
Center Left Wing Right Wing Defense Defense
Kyle Turris Max Pacioretty Dustin Byfuglien Mike Mottau John-Michael Liles
Last Minutes Defensive
Center Left Wing Right Wing Defense Defense
Brandon Sutter Vojtech Polak Niko Dimitrakos Mike Mottau John-Michael Liles
Goaltenders
Starting : Semyon Varlamov
Backup : Jhonas Enroth
Extra Forwards
Normal : Mark Mancari, Kyle Okposo, Vojtech Polak - PP : Mark Mancari, Kyle Okposo - PK : Vojtech Polak
Extra Defensemen
Normal : Kyle Quincey, Zach Bogosian, Mike Funk - PP : Kyle Quincey - PK : Zach Bogosian, Mike Funk
Penalty Shots
Kyle Turris, Dustin Byfuglien, Niko Dimitrakos, Max Pacioretty, Ville Leino
Atomiques
5 vs 5 Forward
Center Left Wing Right Wing Time % Phy DF OF
1 Tyler Brenner Linus Omark Alexandre Daigle 40 1 2 2
2 Marc-André Cliche Brad Winchester John Zeiler 30 1 2 2
3 Brett Sutter Kenndal McArdle Nick Johnson 20 1 2 2
4 Drew Larman Andrew Kozek Ryan Shannon 10 1 2 2
5 vs 5 Defense
Defense Defense Time % Phy DF OF
1 Mattias Ohlund Janne Niinimaa 40 1 2 2
2 John Carlson Luke Schenn 30 1 2 2
3 Scott Jackson Roman Polak 20 1 2 2
4 Mattias Ohlund Janne Niinimaa 10 1 2 2
PowerPlay Forward
Center Left Wing Right Wing Time % Phy DF OF
1 Tyler Brenner Linus Omark Alexandre Daigle 60 1 2 2
2 Marc-André Cliche Brad Winchester John Zeiler 40 1 2 2
PowerPlay Defense
Defense Defense Time % Phy DF OF
1 Mattias Ohlund John Carlson 60 1 2 2
2 Luke Schenn Scott Jackson 40 1 2 2
Penalty Kill 4 Players Forward
Center Wing Time % Phy DF OF
1 Brad Winchester John Zeiler 60 1 2 2
2 Ryan Shannon Linus Omark 40 1 2 2
Penalty Kill 4 Players Defense
Defense Defense Time % Phy DF OF
1 Mattias Ohlund Janne Niinimaa 60 1 2 2
2 John Carlson Luke Schenn 40 1 2 2
Penalty Kill - 3 Players Forward
Forward Time % Phy DF OF
1 Brad Winchester 60 1 2 2
2 John Zeiler 40 1 2 2
Penalty Kill - 3 Players Defense
Defense Defense Time % Phy DF OF
1 Mattias Ohlund Janne Niinimaa 60 1 2 2
2 John Carlson Luke Schenn 40 1 2 2
4 vs 4 Forward
Center Wing Time % Phy DF OF
1 Tyler Brenner Brad Winchester 60 1 2 2
2 Alexandre Daigle John Zeiler 40 1 2 2
4 vs 4 Defense
Defense Defense Time % Phy DF OF
1 Mattias Ohlund Janne Niinimaa 60 1 2 2
2 John Carlson Luke Schenn 40 1 2 2
Last Minutes Offensive
Center Left Wing Right Wing Defense Defense
Tyler Brenner Brad Winchester John Zeiler Mattias Ohlund Janne Niinimaa
Last Minutes Defensive
Center Left Wing Right Wing Defense Defense
Tyler Brenner Brad Winchester John Zeiler Mattias Ohlund Janne Niinimaa
Goaltenders
Starting : Curtis McElhinney
Backup : Andrew Raycroft
Extra Forwards
Normal : Nick Johnson, Kenndal McArdle, Andrew Kozek - PP : Nick Johnson, Kenndal McArdle - PK : Andrew Kozek
Extra Defensemen
Normal : Luke Schenn, Roman Polak, John Carlson - PP : Luke Schenn - PK : Roman Polak, John Carlson
Penalty Shots
Brad Winchester, John Zeiler, Ryan Shannon, Linus Omark, Nick Johnson
% Time on Ice - Sewer Rats
Lines # - Real PCT - Wanted PCT - Time Play
Normal Forward
1 - 39% - 40% - 17:48
2 - 27% - 30% - 12:27
3 - 19% - 20% - 8:49
4 - 15% - 10% - 7:03
Normal Defense
1 - 38% - 40% - 17:38
2 - 29% - 30% - 13:20
3 - 21% - 20% - 9:45
4 - 12% - 10% - 5:24
PP Forward
1 - 49% - 60% - 1:57
2 - 51% - 40% - 2:01
PP Defense
1 - 70% - 60% - 2:47
2 - 30% - 40% - 1:11
PK Forward
1 - 70% - 60% - 6:57
2 - 30% - 40% - 2:58
PK Defense
1 - 58% - 60% - 5:48
2 - 42% - 40% - 4:07
PK3 Forward
1 - 0% - 60%
2 - 0% - 40%
PK3 Defense
1 - 0% - 60%
2 - 0% - 40%
44 Forward
1 - 100% - 60% - 5:00
2 - 0% - 40% - 0:00
44 Defense
1 - 68% - 60% - 3:24
2 - 32% - 40% - 1:36
Last Minute Offensive - 0:00
Last Minute Defensive - 0:00
Total
Forward - 65:00
Defense - 65:00
|
% Time on Ice - Atomiques
Lines # - Real PCT - Wanted PCT - Time Play
Normal Forward
1 - 40% - 40% - 18:13
2 - 26% - 30% - 12:00
3 - 20% - 20% - 9:16
4 - 14% - 10% - 6:38
Normal Defense
1 - 44% - 40% - 20:05
2 - 30% - 30% - 14:00
3 - 21% - 20% - 9:31
4 - 5% - 10% - 2:31
PP Forward
1 - 54% - 60% - 5:22
2 - 46% - 40% - 4:33
PP Defense
1 - 55% - 60% - 5:30
2 - 45% - 40% - 4:25
PK Forward
1 - 71% - 60% - 2:48
2 - 29% - 40% - 1:10
PK Defense
1 - 65% - 60% - 2:34
2 - 35% - 40% - 1:24
PK3 Forward
1 - 0% - 60%
2 - 0% - 40%
PK3 Defense
1 - 0% - 60%
2 - 0% - 40%
44 Forward
1 - 75% - 60% - 3:44
2 - 25% - 40% - 1:16
44 Defense
1 - 55% - 60% - 2:44
2 - 45% - 40% - 2:16
Last Minute Offensive - 0:00
Last Minute Defensive - 0:00
Total
Forward - 65:00
Defense - 65:00
|
Play by Play
1st period
0:01 of 1st period - Kyle Turris wins face-off versus Tyler Brenner in neutral zone.
0:10 of 1st period - Wrist shot by Alexandre Daigle.
0:10 of 1st period - Shot Hit the Post.
0:12 of 1st period - Wrist shot by Alexandre Daigle.
0:12 of 1st period - Stopped by Semyon Varlamov without a rebound.
0:13 of 1st period - Marc-André Cliche wins face-off versus Kyle Okposo in Sewer Rats zone.
0:27 of 1st period - Off-side.
0:28 of 1st period - Lars Eller wins face-off versus Brett Sutter in neutral zone.
0:31 of 1st period - Brett Sutter is hit by Vojtech Polak and loses puck.
0:40 of 1st period - Wrist shot by Mark Mancari.
0:40 of 1st period - Stopped by Curtis McElhinney without a rebound.
0:41 of 1st period - Niko Dimitrakos wins face-off versus Drew Larman in Atomiques zone.
0:59 of 1st period - Mattias Ohlund is hit by Derek Dorsett and loses puck.
1:24 of 1st period - Snap shot by Niko Dimitrakos.
1:24 of 1st period - Shot Misses the Net.
1:42 of 1st period - Slapshot by Mattias Ohlund.
1:42 of 1st period - Deflect By Steven Kampfer.
1:42 of 1st period - Stopped by Semyon Varlamov with a rebound.
1:46 of 1st period - Wrist shot by Ryan Shannon.
1:46 of 1st period - Shot Misses the Net.
1:48 of 1st period - Wrist shot by Andrew Kozek.
1:48 of 1st period - Shot Misses the Net.
2:00 of 1st period - Snap shot by Ryan Shannon.
2:00 of 1st period - Stopped by Semyon Varlamov with a rebound.
2:02 of 1st period - Slapshot by Mattias Ohlund.
2:02 of 1st period - Shot Misses the Net.
2:04 of 1st period - Wrist shot by Drew Larman.
2:04 of 1st period - Stopped by Semyon Varlamov without a rebound.
2:05 of 1st period - Kyle Turris wins face-off versus Tyler Brenner in Sewer Rats zone.
2:05 of 1st period - Kyle Turris is hit by John Carlson.
3:25 of 1st period - Slapshot by Brad Winchester.
3:25 of 1st period - Shot Blocked by Kyle Quincey.
3:43 of 1st period - Snap shot by Mark Mancari.
3:43 of 1st period - Shot Misses the Net.
3:55 of 1st period - Wrist shot by Dustin Byfuglien.
3:55 of 1st period - Shot Misses the Net.
4:21 of 1st period - Minor Penalty to Dustin Byfuglien for Interference.
4:22 of 1st period - Brandon Sutter wins face-off versus Tyler Brenner in Sewer Rats zone.
4:26 of 1st period - Off-side.
4:27 of 1st period - Brandon Sutter wins face-off versus Tyler Brenner in neutral zone.
4:56 of 1st period - John-Michael Liles is hit by John Zeiler.
5:04 of 1st period - John Zeiler is hit by Mike Mottau and loses puck.
5:14 of 1st period - Off-side.
5:15 of 1st period - Niko Dimitrakos wins face-off versus Tyler Brenner in neutral zone.
5:44 of 1st period - John Erskine is hit by Mattias Ohlund and loses puck.
6:19 of 1st period - Tyler Brenner is hit by Ville Leino and loses puck.
6:21 of 1st period - Penalty to Dustin Byfuglien is over, Dustin Byfuglien is back on ice.
6:28 of 1st period - Slapshot by Ville Leino.
6:28 of 1st period - Shot Misses the Net.
6:44 of 1st period - Snap shot by Ville Leino.
6:44 of 1st period - Stopped by Curtis McElhinney with a rebound.
7:02 of 1st period - Snap shot by Dustin Byfuglien.
7:02 of 1st period - Stopped by Curtis McElhinney without a rebound.
7:03 of 1st period - Marc-André Cliche wins face-off versus Lars Eller in Atomiques zone.
7:43 of 1st period - Snap shot by Mattias Ohlund.
7:43 of 1st period - Stopped by Semyon Varlamov without a rebound.
7:44 of 1st period - Andrew Kozek wins face-off versus Brandon Sutter in Sewer Rats zone.
7:45 of 1st period - Snap shot by Ryan Shannon.
7:45 of 1st period - Stopped by Semyon Varlamov with a rebound.
7:55 of 1st period - Brandon Sutter is hit by Ryan Shannon and loses puck.
8:08 of 1st period - John Erskine is hit by John Zeiler and loses puck.
8:26 of 1st period - Off-side.
8:27 of 1st period - Brett Sutter wins face-off versus Kyle Turris in neutral zone.
8:44 of 1st period - Dustin Byfuglien is hit by Brett Sutter and loses puck.
8:58 of 1st period - Off-side.
8:59 of 1st period - Alexandre Daigle wins face-off versus Lars Eller in neutral zone.
9:02 of 1st period - Snap shot by Alexandre Daigle.
9:02 of 1st period - Shot Misses the Net.
9:17 of 1st period - Wrist shot by Alexandre Daigle.
9:17 of 1st period - Shot Misses the Net.
9:29 of 1st period - Alexandre Daigle is hit by John Erskine and loses puck.
9:51 of 1st period - Snap shot by Mark Mancari.
9:51 of 1st period - Deflect By Vojtech Polak.
9:51 of 1st period - Goal by Vojtech Polak - Sewer Rats : 1 - Atomiques : 0.
9:52 of 1st period - John Zeiler wins face-off versus Kyle Turris in neutral zone.
10:38 of 1st period - Slapshot by John-Michael Liles.
10:38 of 1st period - Stopped by Curtis McElhinney without a rebound.
10:39 of 1st period - Drew Larman wins face-off versus Derek Dorsett in Atomiques zone.
10:39 of 1st period - Drew Larman is hit by Patrick Bordeleau.
10:45 of 1st period - Slapshot by Janne Niinimaa.
10:45 of 1st period - Stopped by Semyon Varlamov with a rebound.
10:53 of 1st period - Backhand shot by Janne Niinimaa.
10:53 of 1st period - Shot Misses the Net.
10:55 of 1st period - Snap shot by Mattias Ohlund.
10:55 of 1st period - Goal by Mattias Ohlund - Sewer Rats : 1 - Atomiques : 1.
10:56 of 1st period - Tyler Brenner wins face-off versus Kyle Turris in neutral zone.
11:01 of 1st period - Wrist shot by Linus Omark.
11:01 of 1st period - Stopped by Semyon Varlamov without a rebound.
11:02 of 1st period - Tyler Brenner wins face-off versus Kyle Turris in Sewer Rats zone.
11:03 of 1st period - Slapshot by Alexandre Daigle.
11:03 of 1st period - Shot Blocked by Max Pacioretty.
11:31 of 1st period - Snap shot by Brad Winchester.
11:31 of 1st period - Stopped by Semyon Varlamov with a rebound.
11:33 of 1st period - Wrist shot by John Zeiler.
11:33 of 1st period - Stopped by Semyon Varlamov with a rebound.
11:35 of 1st period - Slapshot by Mattias Ohlund.
11:35 of 1st period - Deflect By John-Michael Liles.
11:35 of 1st period - Stopped by Semyon Varlamov without a rebound.
11:36 of 1st period - Dustin Byfuglien wins face-off versus Marc-André Cliche in Sewer Rats zone.
11:47 of 1st period - Snap shot by John Zeiler.
11:47 of 1st period - Deflect By Brad Winchester.
11:47 of 1st period - Shot Blocked by Dustin Byfuglien.
11:47 of 1st period - Puck is out of play.
11:48 of 1st period - Tyler Brenner wins face-off versus Kyle Turris in Sewer Rats zone.
12:35 of 1st period - Wrist shot by Vojtech Polak.
12:35 of 1st period - Stopped by Curtis McElhinney without a rebound.
12:36 of 1st period - Brett Sutter wins face-off versus Lars Eller in Atomiques zone.
12:38 of 1st period - Minor Penalty to Brett Sutter for Holding.
12:39 of 1st period - Brad Winchester wins face-off versus Kyle Turris in Atomiques zone.
13:22 of 1st period - Icing by John-Michael Liles.
13:23 of 1st period - Brad Winchester wins face-off versus Ville Leino in Sewer Rats zone.
13:38 of 1st period - Wrist shot by Ryan Shannon.
13:38 of 1st period - Goal by Ryan Shannon - Sewer Rats : 1 - Atomiques : 2.
13:39 of 1st period - Brad Winchester wins face-off versus Kyle Turris in neutral zone.
13:42 of 1st period - Snap shot by Janne Niinimaa.
13:42 of 1st period - Deflect By Brad Winchester.
13:42 of 1st period - Stopped by Semyon Varlamov with a rebound.
13:48 of 1st period - Dustin Byfuglien is hit by Brad Winchester and loses puck.
14:13 of 1st period - Slapshot by John-Michael Liles.
14:13 of 1st period - Deflect By Ville Leino.
14:13 of 1st period - Shot Misses the Net.
14:13 of 1st period - Puck is out of play.
14:14 of 1st period - Ryan Shannon wins face-off versus Lars Eller in Atomiques zone.
14:28 of 1st period - Slapshot by John Erskine.
14:28 of 1st period - Shot Misses the Net.
14:30 of 1st period - Slapshot by Matt Lashoff.
14:30 of 1st period - Shot Blocked by Luke Schenn.
14:38 of 1st period - Penalty to Brett Sutter is over, Brett Sutter is back on ice.
14:46 of 1st period - Wrist shot by Kyle Turris.
14:46 of 1st period - Stopped by Curtis McElhinney without a rebound.
14:47 of 1st period - Marc-André Cliche wins face-off versus Kyle Turris in Atomiques zone.
15:33 of 1st period - Wrist shot by Derek Dorsett.
15:33 of 1st period - Stopped by Curtis McElhinney with a rebound.
15:43 of 1st period - Slapshot by Niko Dimitrakos.
15:43 of 1st period - Stopped by Curtis McElhinney with a rebound.
16:07 of 1st period - Wrist shot by Alexandre Daigle.
16:07 of 1st period - Shot Blocked by Max Pacioretty.
16:18 of 1st period - Dustin Byfuglien is hit by Linus Omark and loses puck.
16:26 of 1st period - Wrist shot by Dustin Byfuglien.
16:26 of 1st period - Stopped by Curtis McElhinney without a rebound.
16:27 of 1st period - Marc-André Cliche wins face-off versus Brandon Sutter in Atomiques zone.
16:33 of 1st period - Wrist shot by Brad Winchester.
16:33 of 1st period - Shot Blocked by Mike Mottau.
16:35 of 1st period - Slapshot by John Carlson.
16:35 of 1st period - Stopped by Semyon Varlamov with a rebound.
16:37 of 1st period - Snap shot by John Zeiler.
16:37 of 1st period - Stopped by Semyon Varlamov without a rebound.
16:38 of 1st period - Brad Winchester wins face-off versus Brandon Sutter in Sewer Rats zone.
16:53 of 1st period - Snap shot by Ville Leino.
16:53 of 1st period - Shot Blocked by Marc-André Cliche.
17:12 of 1st period - Slapshot by Dustin Byfuglien.
17:12 of 1st period - Shot Misses the Net.
18:54 of 1st period - Lars Eller is hit by Janne Niinimaa and loses puck.
19:13 of 1st period - Nick Johnson is hit by Derek Dorsett and loses puck.
19:20 of 1st period - Niko Dimitrakos is hit by Nick Johnson and loses puck.
19:21 of 1st period - Niko Dimitrakos from Sewer Rats is injured at 19:21 of 1st period (Lower Body).
19:22 of 1st period - Kyle Turris wins face-off versus Tyler Brenner in Sewer Rats zone.
19:26 of 1st period - Off-side.
19:27 of 1st period - Tyler Brenner wins face-off versus Kyle Turris in neutral zone.
Goals for this period are 1 for Sewer Rats vs 2 for Atomiques.
Shots for this period are 10 for Sewer Rats vs 16 for Atomiques.
2nd period
0:01 of 2nd period - Kyle Turris wins face-off versus Alexandre Daigle in neutral zone.
0:10 of 2nd period - Snap shot by Dustin Byfuglien.
0:10 of 2nd period - Shot Blocked by Tyler Brenner.
0:12 of 2nd period - Snap shot by Dustin Byfuglien.
0:12 of 2nd period - Goal by Dustin Byfuglien - Sewer Rats : 2 - Atomiques : 2.
0:13 of 2nd period - Kyle Turris wins face-off versus Marc-André Cliche in neutral zone.
0:16 of 2nd period - Snap shot by Max Pacioretty.
0:16 of 2nd period - Deflect By Janne Niinimaa.
0:16 of 2nd period - Shot Blocked by Brad Winchester.
0:16 of 2nd period - Puck is out of play.
0:17 of 2nd period - Marc-André Cliche wins face-off versus Kyle Turris in Atomiques zone.
0:17 of 2nd period - Marc-André Cliche is hit by Dustin Byfuglien.
0:29 of 2nd period - Snap shot by John Zeiler.
0:29 of 2nd period - Stopped by Semyon Varlamov without a rebound.
0:30 of 2nd period - Tyler Brenner wins face-off versus Kyle Turris in Sewer Rats zone.
0:39 of 2nd period - Snap shot by Linus Omark.
0:39 of 2nd period - Shot Misses the Net.
0:41 of 2nd period - Slapshot by Luke Schenn.
0:41 of 2nd period - Shot Blocked by Mike Mottau.
0:43 of 2nd period - Wrist shot by Alexandre Daigle.
0:43 of 2nd period - Stopped by Semyon Varlamov with a rebound.
0:45 of 2nd period - Slapshot by Linus Omark.
0:45 of 2nd period - Goal by Linus Omark - Sewer Rats : 2 - Atomiques : 3.
0:46 of 2nd period - Marc-André Cliche wins face-off versus Kyle Okposo in neutral zone.
0:51 of 2nd period - Snap shot by Brad Winchester.
0:51 of 2nd period - Shot Blocked by Brandon Sutter.
2:04 of 2nd period - Snap shot by Linus Omark.
2:04 of 2nd period - Shot Misses the Net.
2:06 of 2nd period - Slapshot by Linus Omark.
2:06 of 2nd period - Shot Misses the Net.
2:08 of 2nd period - Wrist shot by Alexandre Daigle.
2:08 of 2nd period - Deflect By Mike Mottau.
2:08 of 2nd period - Shot Misses the Net.
2:08 of 2nd period - Puck is out of play.
2:09 of 2nd period - Tyler Brenner wins face-off versus Kyle Turris in Sewer Rats zone.
2:34 of 2nd period - Roman Polak is hit by John Erskine and loses puck.
2:57 of 2nd period - Snap shot by Alexandre Daigle.
2:57 of 2nd period - Stopped by Semyon Varlamov with a rebound.
3:17 of 2nd period - Mike Funk is hit by Brett Sutter.
3:31 of 2nd period - Wrist shot by Max Pacioretty.
3:31 of 2nd period - Shot Blocked by Ryan Shannon.
3:39 of 2nd period - Snap shot by Ryan Shannon.
3:39 of 2nd period - Stopped by Semyon Varlamov without a rebound.
3:40 of 2nd period - Lars Eller wins face-off versus Marc-André Cliche in Sewer Rats zone.
3:53 of 2nd period - Wrist shot by Mark Mancari.
3:53 of 2nd period - Stopped by Curtis McElhinney without a rebound.
3:54 of 2nd period - Kyle Turris wins face-off versus Tyler Brenner in Atomiques zone.
4:31 of 2nd period - Wrist shot by Dustin Byfuglien.
4:31 of 2nd period - Goal by Dustin Byfuglien - Sewer Rats : 3 - Atomiques : 3.
4:32 of 2nd period - Brandon Sutter wins face-off versus Marc-André Cliche in neutral zone.
4:45 of 2nd period - Brandon Sutter is hit by John Zeiler and loses puck.
5:11 of 2nd period - Slapshot by Linus Omark.
5:11 of 2nd period - Shot Blocked by Dustin Byfuglien.
5:13 of 2nd period - Snap shot by Linus Omark.
5:13 of 2nd period - Shot Misses the Net.
5:25 of 2nd period - Kenndal McArdle is hit by John-Michael Liles and loses puck.
5:30 of 2nd period - Wrist shot by Mark Mancari.
5:30 of 2nd period - Shot Misses the Net.
5:32 of 2nd period - Backhand shot by Zach Bogosian.
5:32 of 2nd period - Shot Misses the Net.
5:34 of 2nd period - Slapshot by Zach Bogosian.
5:34 of 2nd period - Stopped by Curtis McElhinney without a rebound.
5:35 of 2nd period - Marc-André Cliche wins face-off versus Brandon Sutter in Atomiques zone.
5:49 of 2nd period - Snap shot by Brad Winchester.
5:49 of 2nd period - Shot Blocked by Zach Bogosian.
6:01 of 2nd period - Zach Bogosian is hit by Kenndal McArdle and loses puck.
6:06 of 2nd period - Snap shot by Kenndal McArdle.
6:06 of 2nd period - Stopped by Semyon Varlamov with a rebound.
7:45 of 2nd period - Wrist shot by Alexandre Daigle.
7:45 of 2nd period - Shot Blocked by John Erskine.
7:47 of 2nd period - Slapshot by Luke Schenn.
7:47 of 2nd period - Stopped by Semyon Varlamov with a rebound.
7:49 of 2nd period - Snap shot by Alexandre Daigle.
7:49 of 2nd period - Deflect By Linus Omark.
7:49 of 2nd period - Goal by Linus Omark - Sewer Rats : 3 - Atomiques : 4.
7:50 of 2nd period - John Zeiler wins face-off versus Kyle Turris in neutral zone.
8:01 of 2nd period - Wrist shot by Dustin Byfuglien.
8:01 of 2nd period - Shot Blocked by John Carlson.
8:21 of 2nd period - Minor Penalty to Vojtech Polak for Tripping.
8:22 of 2nd period - Tyler Brenner wins face-off versus Brandon Sutter in Sewer Rats zone.
10:21 of 2nd period - Penalty to Vojtech Polak is over, Vojtech Polak is back on ice.
10:42 of 2nd period - Wrist shot by Brett Sutter.
10:42 of 2nd period - Stopped by Semyon Varlamov without a rebound.
10:43 of 2nd period - Lars Eller wins face-off versus Drew Larman in Sewer Rats zone.
11:15 of 2nd period - Brett Sutter is hit by Kyle Turris and loses puck.
11:52 of 2nd period - Slapshot by Mike Mottau.
11:52 of 2nd period - Shot Blocked by Brad Winchester.
12:12 of 2nd period - Wrist shot by Dustin Byfuglien.
12:12 of 2nd period - Deflect By Kyle Turris.
12:12 of 2nd period - Stopped by Curtis McElhinney without a rebound.
12:13 of 2nd period - Tyler Brenner wins face-off versus Brandon Sutter in Atomiques zone.
12:38 of 2nd period - Steven Kampfer is hit by Nick Johnson and loses puck.
12:39 of 2nd period - Steven Kampfer from Sewer Rats is injured at 12:39 of 2nd period (Strained Right Elbow).
12:40 of 2nd period - Kyle Turris wins face-off versus Tyler Brenner in Sewer Rats zone.
12:47 of 2nd period - Snap shot by Max Pacioretty.
12:47 of 2nd period - Stopped by Curtis McElhinney with a rebound.
13:12 of 2nd period - Snap shot by John Zeiler.
13:12 of 2nd period - Stopped by Semyon Varlamov without a rebound.
13:13 of 2nd period - Brandon Sutter wins face-off versus Marc-André Cliche in Sewer Rats zone.
13:13 of 2nd period - Brandon Sutter is hit by John Zeiler.
13:21 of 2nd period - Snap shot by Ville Leino.
13:21 of 2nd period - Goal by Ville Leino - Sewer Rats : 4 - Atomiques : 4.
13:22 of 2nd period - Tyler Brenner wins face-off versus Kyle Turris in neutral zone.
13:27 of 2nd period - Snap shot by Alexandre Daigle.
13:27 of 2nd period - Stopped by Semyon Varlamov without a rebound.
13:28 of 2nd period - Kyle Turris wins face-off versus Tyler Brenner in Sewer Rats zone.
13:28 of 2nd period - Kyle Turris is hit by Mattias Ohlund.
13:31 of 2nd period - Minor Penalty to Max Pacioretty for Roughing.
13:32 of 2nd period - Tyler Brenner wins face-off versus Brandon Sutter in Sewer Rats zone.
15:31 of 2nd period - Penalty to Max Pacioretty is over, Max Pacioretty is back on ice.
15:42 of 2nd period - Slapshot by Derek Dorsett.
15:42 of 2nd period - Deflect By Patrick Bordeleau.
15:42 of 2nd period - Stopped by Curtis McElhinney with a rebound.
15:44 of 2nd period - Backhand shot by Patrick Bordeleau.
15:44 of 2nd period - Stopped by Curtis McElhinney with a rebound.
15:46 of 2nd period - Snap shot by John-Michael Liles.
15:46 of 2nd period - Stopped by Curtis McElhinney with a rebound.
15:48 of 2nd period - Snap shot by Patrick Bordeleau.
15:48 of 2nd period - Stopped by Curtis McElhinney without a rebound.
15:49 of 2nd period - Lars Eller wins face-off versus Drew Larman in Atomiques zone.
15:50 of 2nd period - Snap shot by Mark Mancari.
15:50 of 2nd period - Shot Misses the Net.
15:52 of 2nd period - Slapshot by Kyle Quincey.
15:52 of 2nd period - Goal by Kyle Quincey - Sewer Rats : 5 - Atomiques : 4.
15:53 of 2nd period - Max Pacioretty wins face-off versus Tyler Brenner in neutral zone.
15:58 of 2nd period - Slapshot by Mike Mottau.
15:58 of 2nd period - Deflect By Dustin Byfuglien.
15:58 of 2nd period - Stopped by Curtis McElhinney with a rebound.
16:00 of 2nd period - Wrist shot by Kyle Turris.
16:00 of 2nd period - Stopped by Curtis McElhinney with a rebound.
16:02 of 2nd period - Wrist shot by Kyle Turris.
16:02 of 2nd period - Stopped by Curtis McElhinney without a rebound.
16:03 of 2nd period - Kyle Turris wins face-off versus Tyler Brenner in Atomiques zone.
16:12 of 2nd period - Wrist shot by Dustin Byfuglien.
16:12 of 2nd period - Shot Blocked by Mattias Ohlund.
16:18 of 2nd period - Snap shot by Dustin Byfuglien.
16:18 of 2nd period - Stopped by Curtis McElhinney with a rebound.
16:20 of 2nd period - Slapshot by Mike Mottau.
16:20 of 2nd period - Shot Blocked by Alexandre Daigle.
16:22 of 2nd period - Snap shot by Dustin Byfuglien.
16:22 of 2nd period - Shot Blocked by Janne Niinimaa.
16:24 of 2nd period - Slapshot by Max Pacioretty.
16:24 of 2nd period - Shot Misses the Net.
16:26 of 2nd period - Wrist shot by John-Michael Liles.
16:26 of 2nd period - Deflect By Janne Niinimaa.
16:26 of 2nd period - Stopped by Curtis McElhinney with a rebound.
16:28 of 2nd period - Wrist shot by Kyle Turris.
16:28 of 2nd period - Stopped by Curtis McElhinney without a rebound.
16:29 of 2nd period - Marc-André Cliche wins face-off versus Brandon Sutter in Atomiques zone.
16:40 of 2nd period - Wrist shot by John Zeiler.
16:40 of 2nd period - Shot Blocked by Ville Leino.
16:42 of 2nd period - Snap shot by Brad Winchester.
16:42 of 2nd period - Stopped by Semyon Varlamov with a rebound.
17:04 of 2nd period - Snap shot by Kenndal McArdle.
17:04 of 2nd period - Goal by Kenndal McArdle - Sewer Rats : 5 - Atomiques : 5.
17:05 of 2nd period - Tyler Brenner wins face-off versus Kyle Turris in neutral zone.
17:30 of 2nd period - Kyle Okposo is hit by John Zeiler and loses puck.
17:40 of 2nd period - Off-side.
17:41 of 2nd period - Marc-André Cliche wins face-off versus Kyle Turris in neutral zone.
18:46 of 2nd period - Janne Niinimaa is hit by Kyle Okposo and loses puck.
19:30 of 2nd period - Icing by Lars Eller.
19:31 of 2nd period - Tyler Brenner wins face-off versus Lars Eller in Sewer Rats zone.
19:56 of 2nd period - Kyle Okposo is hit by John Carlson and loses puck.
Goals for this period are 4 for Sewer Rats vs 3 for Atomiques.
Shots for this period are 18 for Sewer Rats vs 13 for Atomiques.
3rd period
0:01 of 3rd period - Kyle Turris wins face-off versus Tyler Brenner in neutral zone.
0:47 of 3rd period - Snap shot by Mark Mancari.
0:47 of 3rd period - Shot Misses the Net.
1:27 of 3rd period - Backhand shot by Alexandre Daigle.
1:27 of 3rd period - Stopped by Semyon Varlamov without a rebound.
1:28 of 3rd period - Tyler Brenner wins face-off versus Kyle Turris in Sewer Rats zone.
1:45 of 3rd period - Snap shot by Linus Omark.
1:45 of 3rd period - Stopped by Semyon Varlamov with a rebound.
1:47 of 3rd period - Wrist shot by Tyler Brenner.
1:47 of 3rd period - Stopped by Semyon Varlamov with a rebound.
1:49 of 3rd period - Wrist shot by Linus Omark.
1:49 of 3rd period - Stopped by Semyon Varlamov with a rebound.
1:51 of 3rd period - Wrist shot by Alexandre Daigle.
1:51 of 3rd period - Goal by Alexandre Daigle - Sewer Rats : 5 - Atomiques : 6.
1:52 of 3rd period - Tyler Brenner wins face-off versus Kyle Turris in neutral zone.
2:00 of 3rd period - Minor Penalty to Max Pacioretty for Roughing.
2:01 of 3rd period - Alexandre Daigle wins face-off versus Brandon Sutter in Sewer Rats zone.
3:50 of 3rd period - Alexandre Daigle is hit by Dustin Byfuglien and loses puck.
4:00 of 3rd period - Penalty to Max Pacioretty is over, Max Pacioretty is back on ice.
4:11 of 3rd period - Wrist shot by Andrew Kozek.
4:11 of 3rd period - Stopped by Semyon Varlamov with a rebound.
5:30 of 3rd period - Kyle Turris is hit by Janne Niinimaa and loses puck.
6:17 of 3rd period - Icing by Brad Winchester.
6:18 of 3rd period - Marc-André Cliche wins face-off versus Brandon Sutter in Atomiques zone.
6:53 of 3rd period - Kenndal McArdle is hit by Brandon Sutter.
7:15 of 3rd period - Vojtech Polak is hit by Mattias Ohlund and loses puck.
7:34 of 3rd period - Slapshot by Mattias Ohlund.
7:34 of 3rd period - Stopped by Semyon Varlamov with a rebound.
7:49 of 3rd period - Off-side.
7:50 of 3rd period - Mark Mancari wins face-off versus Tyler Brenner in neutral zone.
9:13 of 3rd period - Dustin Byfuglien is hit by Marc-André Cliche and loses puck.
9:59 of 3rd period - Ville Leino is hit by Mattias Ohlund.
10:03 of 3rd period - Wrist shot by Nick Johnson.
10:03 of 3rd period - Stopped by Semyon Varlamov without a rebound.
10:04 of 3rd period - Marc-André Cliche wins face-off versus Dustin Byfuglien in Sewer Rats zone.
10:05 of 3rd period - Snap shot by Brad Winchester.
10:05 of 3rd period - Stopped by Semyon Varlamov without a rebound.
10:06 of 3rd period - Kyle Turris wins face-off versus Marc-André Cliche in Sewer Rats zone.
10:33 of 3rd period - Slapshot by John Carlson.
10:33 of 3rd period - Stopped by Semyon Varlamov with a rebound.
10:47 of 3rd period - Minor Penalty to Luke Schenn for Boarding.
10:48 of 3rd period - Kyle Turris wins face-off versus Brad Winchester in Atomiques zone.
10:55 of 3rd period - Snap shot by Max Pacioretty.
10:55 of 3rd period - Stopped by Curtis McElhinney with a rebound.
10:59 of 3rd period - Slapshot by Mike Mottau.
10:59 of 3rd period - Shot Misses the Net.
11:01 of 3rd period - Snap shot by Mike Mottau.
11:01 of 3rd period - Shot Misses the Net.
11:03 of 3rd period - Slapshot by Max Pacioretty.
11:03 of 3rd period - Shot Misses the Net.
11:19 of 3rd period - Slapshot by John-Michael Liles.
11:19 of 3rd period - Shot Misses the Net.
11:23 of 3rd period - Snap shot by Lars Eller.
11:23 of 3rd period - Stopped by Curtis McElhinney without a rebound.
11:24 of 3rd period - Brad Winchester wins face-off versus Kyle Turris in Atomiques zone.
11:37 of 3rd period - Slapshot by Matt Lashoff.
11:37 of 3rd period - Deflect By Ville Leino.
11:37 of 3rd period - Shot Misses the Net.
11:37 of 3rd period - Puck is out of play.
11:38 of 3rd period - Ryan Shannon wins face-off versus Lars Eller in Atomiques zone.
12:47 of 3rd period - Penalty to Luke Schenn is over, Luke Schenn is back on ice.
12:53 of 3rd period - Luke Schenn is hit by Mike Mottau and loses puck.
13:11 of 3rd period - Off-side.
13:12 of 3rd period - Brandon Sutter wins face-off versus Tyler Brenner in neutral zone.
13:46 of 3rd period - Icing by Kenndal McArdle.
13:47 of 3rd period - Kyle Turris wins face-off versus Brett Sutter in Atomiques zone.
14:04 of 3rd period - Mike Mottau is hit by Brett Sutter and loses puck.
14:12 of 3rd period - Off-side.
14:13 of 3rd period - Lars Eller wins face-off versus Tyler Brenner in neutral zone.
14:18 of 3rd period - Wrist shot by Vojtech Polak.
14:18 of 3rd period - Deflect By Mark Mancari.
14:18 of 3rd period - Stopped by Curtis McElhinney with a rebound.
14:20 of 3rd period - Snap shot by Vojtech Polak.
14:20 of 3rd period - Goal by Vojtech Polak - Sewer Rats : 6 - Atomiques : 6.
14:21 of 3rd period - Tyler Brenner wins face-off versus Kyle Turris in neutral zone.
14:29 of 3rd period - Snap shot by Dustin Byfuglien.
14:29 of 3rd period - Deflect By Max Pacioretty.
14:29 of 3rd period - Stopped by Curtis McElhinney without a rebound.
14:30 of 3rd period - Kyle Turris wins face-off versus Tyler Brenner in Atomiques zone.
14:45 of 3rd period - Backhand shot by Tyler Brenner.
14:45 of 3rd period - Stopped by Semyon Varlamov with a rebound.
15:33 of 3rd period - Tyler Brenner is hit by Max Pacioretty and loses puck.
15:40 of 3rd period - Snap shot by Dustin Byfuglien.
15:40 of 3rd period - Stopped by Curtis McElhinney without a rebound.
15:41 of 3rd period - Brett Sutter wins face-off versus Lars Eller in Atomiques zone.
16:34 of 3rd period - Off-side.
16:35 of 3rd period - Brandon Sutter wins face-off versus Brett Sutter in neutral zone.
16:50 of 3rd period - Wrist shot by Kenndal McArdle.
16:50 of 3rd period - Shot Misses the Net.
17:10 of 3rd period - Mattias Ohlund is hit by Vojtech Polak.
17:13 of 3rd period - Minor Penalty to Lars Eller for Tripping.
17:14 of 3rd period - Tyler Brenner wins face-off versus Brandon Sutter in Sewer Rats zone.
19:01 of 3rd period - Dustin Byfuglien is hit by Marc-André Cliche.
19:13 of 3rd period - Penalty to Lars Eller is over, Lars Eller is back on ice.
19:19 of 3rd period - Kyle Turris is hit by Kenndal McArdle and loses puck.
19:46 of 3rd period - Zach Bogosian is hit by Nick Johnson and loses puck.
Goals for this period are 1 for Sewer Rats vs 1 for Atomiques.
Shots for this period are 6 for Sewer Rats vs 11 for Atomiques.
Overtime #1
0:01 of 1st overtime period - Tyler Brenner wins face-off versus Mark Mancari in neutral zone.
0:06 of 1st overtime period - Snap shot by Brad Winchester.
0:06 of 1st overtime period - Deflect By Tyler Brenner.
0:06 of 1st overtime period - Stopped by Semyon Varlamov without a rebound.
0:07 of 1st overtime period - Mark Mancari wins face-off versus Tyler Brenner in Sewer Rats zone.
0:07 of 1st overtime period - Mark Mancari is hit by Janne Niinimaa.
0:13 of 1st overtime period - Slapshot by John-Michael Liles.
0:13 of 1st overtime period - Shot Misses the Net.
0:15 of 1st overtime period - Slapshot by Mike Mottau.
0:15 of 1st overtime period - Stopped by Curtis McElhinney with a rebound.
0:21 of 1st overtime period - Wrist shot by Mark Mancari.
0:21 of 1st overtime period - Shot Blocked by Janne Niinimaa.
0:23 of 1st overtime period - Slapshot by John-Michael Liles.
0:23 of 1st overtime period - Deflect By Mark Mancari.
0:23 of 1st overtime period - Shot Hit the Post.
0:23 of 1st overtime period - Puck is out of play.
0:24 of 1st overtime period - Tyler Brenner wins face-off versus Mark Mancari in Atomiques zone.
1:44 of 1st overtime period - Slapshot by John Zeiler.
1:44 of 1st overtime period - Shot Blocked by Matt Lashoff.
2:02 of 1st overtime period - Mark Mancari is hit by Mattias Ohlund and loses puck.
2:41 of 1st overtime period - Brandon Sutter is hit by Nick Johnson and loses puck.
2:54 of 1st overtime period - Tyler Brenner is hit by Mike Mottau and loses puck.
3:13 of 1st overtime period - Mark Mancari is hit by Alexandre Daigle and loses puck.
3:56 of 1st overtime period - Scott Jackson is hit by Brandon Sutter and loses puck.
Goals for this period are 0 for Sewer Rats vs 0 for Atomiques.
Shots for this period are 1 for Sewer Rats vs 1 for Atomiques.
ShootOut
5:00 of 1st overtime period - Penalty Shot by Kyle Turris for Sewer Rats.
5:00 of 1st overtime period - Snap shot by Kyle Turris.
5:00 of 1st overtime period - Goal by Kyle Turris.
5:00 of 1st overtime period - Penalty Shot by Brad Winchester for Atomiques.
5:00 of 1st overtime period - Snap shot by Brad Winchester.
5:00 of 1st overtime period - Stopped by Semyon Varlamov.
5:00 of 1st overtime period - Penalty Shot by Dustin Byfuglien for Sewer Rats.
5:00 of 1st overtime period - Deke by Dustin Byfuglien.
5:00 of 1st overtime period - Shot Misses the Net.
5:00 of 1st overtime period - Penalty Shot by John Zeiler for Atomiques.
5:00 of 1st overtime period - Backhand shot by John Zeiler.
5:00 of 1st overtime period - Goal by John Zeiler.
5:00 of 1st overtime period - Penalty Shot by Ville Leino for Sewer Rats.
5:00 of 1st overtime period - Snap shot by Ville Leino.
5:00 of 1st overtime period - Goal by Ville Leino.
5:00 of 1st overtime period - Penalty Shot by Ryan Shannon for Atomiques.
5:00 of 1st overtime period - Backhand shot by Ryan Shannon.
5:00 of 1st overtime period - Goal by Ryan Shannon.
5:00 of 1st overtime period - Penalty Shot by Max Pacioretty for Sewer Rats.
5:00 of 1st overtime period - Snap shot by Max Pacioretty.
5:00 of 1st overtime period - Stopped by Curtis McElhinney.
5:00 of 1st overtime period - Penalty Shot by Linus Omark for Atomiques.
5:00 of 1st overtime period - Wrist shot by Linus Omark.
5:00 of 1st overtime period - Stopped by Semyon Varlamov.
5:00 of 1st overtime period - Penalty Shot by Mike Mottau for Sewer Rats.
5:00 of 1st overtime period - Backhand shot by Mike Mottau.
5:00 of 1st overtime period - Shot Misses the Net.
5:00 of 1st overtime period - Penalty Shot by Nick Johnson for Atomiques.
5:00 of 1st overtime period - Deke by Nick Johnson.
5:00 of 1st overtime period - Stopped by Semyon Varlamov.
5:00 of 1st overtime period - Penalty Shot by Kyle Okposo for Sewer Rats.
5:00 of 1st overtime period - Wrist shot by Kyle Okposo.
5:00 of 1st overtime period - Goal by Kyle Okposo.
5:00 of 1st overtime period - Penalty Shot by Mattias Ohlund for Atomiques.
5:00 of 1st overtime period - Backhand shot by Mattias Ohlund.
5:00 of 1st overtime period - Goal by Mattias Ohlund.
5:00 of 1st overtime period - Penalty Shot by Vojtech Polak for Sewer Rats.
5:00 of 1st overtime period - Wrist shot by Vojtech Polak.
5:00 of 1st overtime period - Shot Misses the Net.
5:00 of 1st overtime period - Penalty Shot by Alexandre Daigle for Atomiques.
5:00 of 1st overtime period - Wrist shot by Alexandre Daigle.
5:00 of 1st overtime period - Stopped by Semyon Varlamov.
5:00 of 1st overtime period - Penalty Shot by Lars Eller for Sewer Rats.
5:00 of 1st overtime period - Wrist shot by Lars Eller.
5:00 of 1st overtime period - Goal by Lars Eller.
5:00 of 1st overtime period - Penalty Shot by Kenndal McArdle for Atomiques.
5:00 of 1st overtime period - Deke by Kenndal McArdle.
5:00 of 1st overtime period - Goal by Kenndal McArdle.
5:00 of 1st overtime period - Penalty Shot by Derek Dorsett for Sewer Rats.
5:00 of 1st overtime period - Snap shot by Derek Dorsett.
5:00 of 1st overtime period - Goal by Derek Dorsett.
5:00 of 1st overtime period - Penalty Shot by Marc-André Cliche for Atomiques.
5:00 of 1st overtime period - Backhand shot by Marc-André Cliche.
5:00 of 1st overtime period - Stopped by Semyon Varlamov.
Output by the SimonT Hockey Simulator (STHS) for François Prévost -- Original Page W3C XHTML 1.0 Valid